 Dungeon Crawl Stone Soup version 0.30.0-11-gf55b779eaf (webtiles) character file.

Game seed: 5149249795968893029

637 meatpath the Chopper (level 7, -1/60 (64) HPs)
             Began as a Minotaur Berserker on May 16, 2023.
             Was a Priest of Trog.
             Slain by a wight
             ... wielding a +1 battleaxe of freezing
              (3 damage)
             ... on level 5 of the Dungeon.
             The game lasted 00:07:17 (3279 turns).

meatpath the Chopper (Minotaur Berserker)           Turns: 3279, Time: 00:07:19

HP:   -1/60 (64)    AC:  7    Str: 24    XL:     7   Next: 25%
MP:   6/6           EV: 10    Int:  4    God:    Trog [***...]
Gold: 218           SH:  0    Dex:  9    Spells: 6/6 levels left

rFire   . . .        a - +0 hand axe
rCold   . . .        (no shield)
rNeg    . . .        m - +0 scale mail
rPois   .            (helmet restricted)
rElec   .            (no cloak)
rCorr   .            (no gloves)
SInv    .            (no boots)
Will    .....        g - amulet of the acrobat Stlth
                     (no ring)
HPRegen 0.30/turn    (no ring)
MPRegen 0.10/turn

%: acrobat
@: drained
A: horns 2, retaliatory headbutt
a: Renounce Religion, Berserk, Trog's Hand


You were on level 5 of the Dungeon.
You worshipped Trog.
Trog was most pleased with you.
You visited 1 branch of the dungeon, and saw 5 of its levels.

You collected 218 gold pieces.

Inventory:

Hand Weapons
 a - a +0 hand axe (weapon)
Missiles
 v - a throwing net (quivered)
Armour
 b - a +1 animal skin
 m - a +0 scale mail (worn)
Jewellery
 g - an amulet of the acrobat (around neck)
 i - a +6 ring of intelligence
Wands
 o - a wand of flame (20)
Scrolls
 c - a scroll of butterflies {unknown}
 e - a scroll of silence
 j - a scroll of enchant armour
 k - a scroll of noise
 l - a scroll of teleportation
 n - a scroll of fear
 s - a scroll of brand weapon
 w - a scroll of enchant weapon {unknown}
Potions
 d - 3 potions of attraction
 f - 2 potions of curing {unknown}
 h - a potion of degeneration {unknown}
 p - a potion of magic {unknown}
 q - a potion of might {unknown}
 r - a potion of mutation {unknown}
 t - 2 potions of haste {unknown}
 u - a potion of heal wounds {unknown}
 x - a potion of ambrosia {unknown}


   Skills:
 + Level 6.5 Fighting
 + Level 6.5 Axes
 + Level 5.4 Armour
 - Level 3.0 Dodging


You had 6 spell levels left.
You didn't know any spells.
Your spell library was empty.

Dungeon Overview and Level Annotations

Branches:
Dungeon (5/15)
 Temple: D:4-7

Altars:


Innate Abilities, Weirdness & Mutations

You have a pair of horns on your head.
You reflexively headbutt those who attack you in melee.


Message History

Trog accepts your kill.
Your Armour skill increases to level 5!
You have reached level 7! 2 wights come into view.
You hit the wight. You headbutt the wight!
You destroy the wight!
Trog accepts your kill.
A wight comes into view.
It is wielding a +1 battleaxe of freezing.
Things that are here:
a +0 hand axe; a +0 robe You barely miss the wight.
The wight hits you with a +0 scimitar.
You hit the wight. You headbutt the wight.
The wight is moderately damaged.
The wight hits you with a +0 scimitar!
You closely miss the wight.
The wight is moderately damaged.
The wight barely misses you.
You slash the wight!
The wight is severely damaged.
The wight hits you with a +0 scimitar!
You hit the wight but do no damage.
The wight is severely damaged.
The wight barely misses you. You furiously retaliate!
You headbutt the wight!
You destroy the wight!
Trog accepts your kill.
You closely miss the wight.
The wight hits you with a +1 battleaxe of freezing.
You feel drained. The wight freezes you.
You hit the wight.
The wight is lightly damaged.
The wight hits you with a +1 battleaxe of freezing!
The wight freezes you.
You barely miss the wight.
You headbutt the wight, but do no damage.
The wight hits you with a +1 battleaxe of freezing!
* * * LOW HITPOINT WARNING * * *
You feel drained.
* * * LOW HITPOINT WARNING * * *
The wight freezes you.
You die...

### #.# #
##.######
####.###....#
....##
#..##.######.#
#..##
#..##...@z..#
##.##
#....######..#
#...## #....#
.# .....##
##..## ..##..#
#..# ####..##
#.##
.####..###.#
..###...#..#
....#......##


You could see a wight.

Vanquished Creatures
  2 ogres
  A gnoll sergeant (D:5)
  2 wights (D:5)
  A jelly (D:5)
  Natasha (twice) (D:4)
  An iguana (D:2)
  An orc wizard (D:5)
  7 adders
  5 gnolls (D:5)
  A dart slug (D:1)
  2 orcs (D:5)
  9 bats
  2 endoplasms
  5 giant cockroaches
  7 goblins
  4 hobgoblins
  6 kobolds
  A quokka (D:4)
  9 ball pythons
  3 frilled lizards
  4 rats
75 creatures vanquished.

Notes
Turn   | Place    | Note
-------+----------+-------------------------------------------
     0 | D:1      | meatpath the Minotaur Berserker began the quest for the
                  | Orb.
     0 | D:1      | Reached XP level 1. HP: 19/19 MP: 0/0
   136 | D:1      | Reached XP level 2. HP: 27/27 MP: 1/1
   759 | D:1      | Reached XP level 3. HP: 25/28 MP: 2/2
  1052 | D:2      | Reached ** piety under Trog
  1488 | D:2      | Reached XP level 4. HP: 25/41 MP: 3/3
  1777 | D:3      | You fall into a shaft and drop 2 floors!
  1777 | D:5      | Entered Level 5 of the Dungeon
  1787 | D:5      | Reached skill level 5 in Axes
  1808 | D:5      | Noticed an ogre
  1834 | D:4      | Killed an ogre
  1835 | D:4      | Reached skill level 5 in Fighting
  1835 | D:4      | Reached XP level 5. HP: 43/48 MP: 4/4
  1993 | D:4      | Noticed Natasha
  2004 | D:4      | Killed Natasha
  2376 | D:4      | Noticed Natasha
  2382 | D:4      | Reached XP level 6. HP: 51/56 MP: 5/5
  2383 | D:4      | Killed Natasha
  3222 | D:5      | Reached skill level 5 in Armour
  3222 | D:5      | Reached XP level 7. HP: 64/64 MP: 6/6
  3270 | D:5      | Reached *** piety under Trog
  3279 | D:5      | HP: 2/60 [wight/+1 battleaxe of freezing (6)]
  3279 | D:5      | Slain by a wight

Illustrated notes

Levels and vault maps discovered:
D:1:      lightli_arrival_chessboard, layout_basic, serial_rivers,
          chequers_serial_rivers_large_a, chequers_serial_rivers_micro_e,
          chequers_serial_rivers_micro_a, chequers_serial_rivers_small_b,
          chequers_serial_rivers_micro_c
D:2:      layout_basic, minmay_domino_2
D:3:      layout_loops_ring, nicolae_kikubaaqudgha_miasma_corner, uniq_grinder,
          uniq_terence
D:4:      layout_basic, uniq_natasha
D:5:      minmay_evil_eye, layout_layer_cave, hex_tiny

Skill      XL: |  1  2  3  4  5  6 |
---------------+-------------------+-----
Axes           | 4 5 6 |  6.5
Fighting       | 4 5 6 |  6.5
Dodging        | 3 |  3.0
Armour         | 3 4 5 |  5.4

Action                     |  1- 3 |  4- 6 |  7- 9 || total
---------------------------+-------+-------+-------++-------
  Melee: Hand axe          |    91 |    89 |     9 ||   189
         Headbutt          |    11 |    10 |     3 ||    24
         Punch             |       |     1 |       ||     1
 Invoke: Berserk           |       |     2 |       ||     2
    Use: Scroll            |     1 |     6 |       ||     7
 Armour: Animal skin       |     5 |       |       ||     5
         Scale mail        |    16 |    30 |       ||    46
  Dodge: Dodged            |    68 |    58 |     2 ||   128
